Cogmind - Beta 14 @@@ ROGUE MODE // 2025.03.08 @ 01:11:34 Player: opdo Result: Self-destructed Performance ------------- Evolutions (5) 2500 Regions Visited (11) 2200 Robots Destroyed (102) 510 Value Destroyed (3632) 3632 Prototype IDs (4) 80 Alien Tech Used (0) 0 Bonus (595) 595 TOTAL SCORE: 9517 Bonus ------- High Alert Combat Kills 114 Follower Combat Kills 229 Entered Garrisons 200 Entered DSFs 500 Friendly Fire -448 Cogmind --------- Core Integrity 888/1000 Matter 8/300 Energy 240/240 System Corruption 0% Temperature Cool (9) Movement Flying (360) Ox4 Location -5/Factory Parts ------- > --- POWER (2) -------- Nuclear Core > --- PROPULSION (4) --- Nuclear Pulse Thruster > --- UTILITY (8) ------ Large Storage Unit Improved Targeting Computer Improved Targeting Computer Improved Targeting Computer Advanced Targeting Computer Advanced Targeting Computer Hacking Suite > --- WEAPON (3) ------- (None) > --- INVENTORY (15) --- Improved Deuterium Engine Micro Fission Core Carbon-fiber Leg Field Propulsion Drive Point Defense System Bomb Drone Bay Heavy Assault Rifle Flak Gun Flak Gun Flak Gun Improved Grenade Launcher Heavy Mace Segregator Peak State ------------ > --- POWER ------------ Nuclear Core Cooled Deuterium Engine > --- PROPULSION ------- Light Treads Light Treads Light Treads > --- UTILITY ---------- Large Storage Unit Improved Sensor Array Improved Targeting Computer Improved Targeting Computer Hardened Medium Armor Plating Hardlight Generator Hacking Suite Hacking Suite > --- WEAPON ----------- Gauss Rifle Flak Gun > --- INVENTORY -------- Nuclear Core Improved Deuterium Engine Light Treads Carbon-fiber Leg Improved Targeting Computer Advanced Targeting Computer Advanced Targeting Computer Bomb Drone Bay Heavy Assault Rifle Flak Gun Flak Gun Flak Gun Improved Grenade Launcher Segregator [Rating: 44] Favorites ----------- Power Cooled Deuterium Engine Engine Cooled Deuterium Engine Power Core Nuclear Core Propulsion Light Treads Treads Light Treads Leg Aluminum Leg Flight Unit Nuclear Pulse Thruster Utility Improved Targeting Computer Device Improved Terrain Scanner Storage Large Storage Unit Processor Improved Targeting Computer Hackware Hacking Suite Protection Improved Weapon Shielding Weapon Flak Gun Ballistic Gun Flak Gun Launcher Grenade Launcher Impact Weapon Mace Build | -11 -10 -10 -9 -9 -8 -8 -8 -7 -6 -6 -5 ------- Run | Yrd Mat Min Mat Min Mat Gar Mat Fac Fac DSF Fac Slots Evolved 10 | . . . 2 . 2 . . 2 2 . 2 Power 1 | . . . . . . . . 1 . . . Propulsion 2 | . . . 1 . . . . . . . 1 Utility 6 | . . . 1 . 2 . . 1 2 . . Weapon 1 | . . . . . . . . . . . 1 Parts Attached 118 | 7 3 5 13 18 22 27 7 4 . 9 3 Power 13 | 1 1 1 1 3 2 1 1 1 . . 1 Engine 11 | 1 1 1 1 3 2 1 1 . . . . Core 2 | . . . . . . . . 1 . . 1 Reactor . | . . . . . . . . . . . . Propulsion 37 | 2 . 2 4 6 7 8 3 . . 5 . Treads 24 | . . 2 2 2 6 8 3 . . 1 . Leg 9 | 2 . . 2 4 1 . . . . . . Wheel . | . . . . . . . . . . . . Hover . | . . . . . . . . . . . . Flight 4 | . . . . . . . . . . 4 . Utility 33 | 2 1 . 3 5 4 7 3 2 . 4 2 Device 5 | 1 . . . . . 1 2 1 . . . Storage 2 | 1 1 . . . . . . . . . . Processor 9 | . . . . 3 1 1 1 . . 1 2 Hackware 4 | . . . . . 1 . . . . 3 . Protection 13 | . . . 3 2 2 5 . 1 . . . Artifact . | . . . . . . . . . . . . Weapon 35 | 2 1 2 5 4 9 11 . 1 . . . Energy Gun . | . . . . . . . . . . . . Energy Cannon . | . . . . . . . . . . . . Ballistic Gun 27 | 2 1 2 5 2 7 7 . 1 . . . Ballistic Cannon . | . . . . . . . . . . . . Launcher 4 | . . . . 2 1 1 . . . . . Special Weapon . | . . . . . . . . . . . . Impact Weapon 4 | . . . . . 1 3 . . . . . Slashing Weapon . | . . . . . . . . . . . . Piercing Weapon . | . . . . . . . . . . . . Special Melee Weapon . | . . . . . . . . . . . . Unidentified Prototypes 4 | . . . 1 . 3 . . . . . . Corrupted Parts 1 | . . . . . 1 . . . . . . System Corruption 6 | . . . . . 6 . . . . . . Parts Lost 41 | . 1 . 6 4 . 12 1 1 . 15 1 Power 5 | . 1 . 1 . . . 1 . . 2 . Propulsion 16 | . . . 2 2 . 5 . . . 6 1 Utility 15 | . . . 2 2 . 5 . 1 . 5 . Weapon 5 | . . . 1 . . 2 . . . 2 . Highest Loss Streak 7 | . 1 . 3 2 . 7 1 1 . 7 1 To Critical Strikes . | . . . . . . . . . . . . Average Slot Usage (%) 95 | . 99 100 94 94 99 95 99 99 86 65 57 Engine 9 | . 13 14 10 11 9 9 8 7 6 4 . Treads 23 | . . 28 27 29 19 26 27 23 20 12 . Leg 3 | . 28 . 2 1 7 . . . . . . Device 4 | . 14 14 9 . . 3 2 15 13 5 . Storage 9 | . 14 14 11 11 9 9 9 7 6 6 5 Processor 12 | . . . . 10 18 14 18 15 13 17 28 Hackware 2 | . . . . . 9 1 . . . 9 5 Protection 8 | . . . 10 8 9 14 15 6 6 1 . Ballistic Gun 18 | . 28 28 22 21 17 15 18 15 13 3 . Peak Build Rating 44 | 9 9 13 16 23 35 35 32 38 38 44 35 Average Rating 24 | 5 8 11 14 15 31 29 31 37 38 30 33 On Entrance 22 | . 9 9 13 13 23 35 30 32 38 38 26 Naked Turns . | . . . . . . . . . . . . Heaviest Build 60 | 12 27 29 34 35 42 51 43 60 60 60 27 Greatest Support 65 | 20 20 40 60 60 65 65 60 60 60 60 12 Greatest Overweight (x) 6 | 3 1 . 1 2 1 1 . . . 6 4 Average Overweight (x) . | . . . . . . . . . . . 2 Largest Inventory Capacity 15 | 8 15 15 15 15 15 15 15 15 15 15 15 Average Capacity 14 | 7 8 15 15 15 15 15 15 15 15 15 15 Most Carried 15 | 6 8 15 15 15 15 15 15 15 15 15 14 Average Carried 13 | 2 7 12 14 14 14 12 14 14 15 14 13 Final Capacity 15 | 8 15 15 15 15 15 15 15 15 15 15 15 Final Carried 15 | 5 8 15 15 15 15 12 15 15 15 14 14 Class Distribution -------------------- 61% | Scavenger-Mutant 38% | Mutant Dominant Class ---------------- Mutant | -10/Materials Mutant | -10/Mines Scavenger-Mutant | -9/Materials Scavenger-Mutant | -9/Mines Mutant | -8/Materials Scavenger-Mutant | -8/Garrison Scavenger-Mutant | -8/Materials Scavenger-Mutant | -7/Factory Scavenger-Mutant | -6/Factory Mutant | -6/DSF Mutant | -5/Factory Resources | -11 -10 -10 -9 -9 -8 -8 -8 -7 -6 -6 -5 ----------- Run | Yrd Mat Min Mat Min Mat Gar Mat Fac Fac DSF Fac Matter Collected 2937 | 219 90 114 332 489 631 616 365 70 . 11 . Remotely . | . . . . . . . . . . . . Salvage Created 3419 | 27 142 32 561 348 913 850 431 115 . . . Parts 202 | 4 8 3 47 26 34 37 34 9 . . . Haulers Intercepted 2 | . . . 1 . 1 . . . . . . Recyclers Shooed 3 | 1 . . 1 . 1 . . . . . . Parts Field Recycled . | . . . . . . . . . . . . Retrieved Matter . | . . . . . . . . . . . . Parts Self-Destructed . | . . . . . . . . . . . . Prevented . | . . . . . . . . . . . . Kills | -11 -10 -10 -9 -9 -8 -8 -8 -7 -6 -6 -5 ------- Run | Yrd Mat Min Mat Min Mat Gar Mat Fac Fac DSF Fac Combat Hostiles Destroyed 91 | . 5 2 14 15 16 24 12 3 . . . Guns 85 | . 5 2 14 15 14 20 12 3 . . . AOE 6 | . . . . . 2 4 . . . . . Classes Destroyed 13 | 1 2 1 3 2 1 2 1 . . . . Worker 1 | . . . . . . . 1 . . . . Tunneler 2 | 1 . . . . . . . 1 . . . Hauler 2 | . . . 1 . 1 . . . . . . Recycler 1 | . . . . . 1 . . . . . . Operator 1 | . . . 1 . . . . . . . . Watcher 3 | . . . . . . 1 2 . . . . Swarmer 27 | . 3 . 4 9 . 3 6 2 . . . Grunt 43 | . 2 . 6 4 12 17 1 1 . . . Brawler 3 | . . . . 1 . 2 . . . . . Sentry 14 | . . . 4 . 4 1 5 . . . . Demolisher 2 | . . 2 . . . . . . . . . Hunter 1 | . . . . . . 1 . . . . . Assembled 1 | . . . . 1 . . . . . . . Thug 1 | . . . . . . 1 . . . . . Savage 1 | . . . . . . 1 . . . . . Best Kill Streak 6 | 1 3 2 5 6 5 6 5 2 . . . Combat Bots Only 6 | . 3 2 4 6 4 6 4 2 . . . Max Kills in Single Turn 2 | 1 1 1 2 1 2 2 2 1 . . . Gunslinging 1 | . . . 1 . 1 . 1 . . . . Exploded 2 | . . . . . 2 2 . . . . . Melee . | . . . . . . . . . . . . Uniques/NPCs Destroyed . | . . . . . . . . . . . . Combat | -11 -10 -10 -9 -9 -8 -8 -8 -7 -6 -6 -5 -------- Run | Yrd Mat Min Mat Min Mat Gar Mat Fac Fac DSF Fac Hostile Shots Fired 643 | . 43 3 71 70 78 178 35 61 . 87 17 Missed 171 | . 10 . 16 22 25 42 10 20 . 20 6 Damage Taken 7266 | . 321 104 778 658 876 2240 287 577 . 1218 207 Core 1317 | . 81 28 71 121 87 310 45 49 . 413 112 Absorbed by Shields 112 | . . . . . . . . 68 . 44 . Redirected to Shielding 172 | . . . . . . 70 69 33 . . . Core Remaining (%) 61 | 100 . 56 . 52 . . 19 93 . 51 . Volleys Fired 270 | 4 19 2 51 48 56 57 23 10 . . . Largest 2 | 2 2 2 2 2 2 2 2 2 . . . Hottest 64 | 40 40 40 46 53 56 64 56 56 . . . Shots Fired 533 | 8 38 4 101 96 109 110 47 20 . . . Gun 520 | 8 38 4 101 89 107 106 47 20 . . . Cannon . | . . . . . . . . . . . . Launcher 13 | . . . . 7 2 4 . . . . . Special . | . . . . . . . . . . . . Kinetic 520 | 8 38 4 101 89 107 106 47 20 . . . Thermal . | . . . . . . . . . . . . Explosive 13 | . . . . 7 2 4 . . . . . Electromagnetic . | . . . . . . . . . . . . Robot Hit Streak 43 | 6 14 3 14 20 43 12 24 11 . . . Robot Miss Streak 7 | 1 5 . 2 5 3 7 5 3 . . . Penetration Max 1 | . . . . . . . 1 1 . . . Secondary Targets 10 | . 2 . 2 2 1 2 1 . . . . Max Gunslinging Chain 1 | . 1 . 1 1 1 1 1 . . . . Shots Hit Robots 380 | 6 21 2 71 53 90 87 34 16 . . . Core Hits 240 | 2 10 2 26 19 54 76 34 17 . . . Critical Kills 2 | . . . 1 . 1 . . . . . . Critical Parts Destroyed 6 | . 1 . 2 . 1 1 . 1 . . . Critical Strikes 8 | . 1 . 3 . 2 1 . 1 . . . Destroy 8 | . 1 . 3 . 2 1 . 1 . . . Melee Attacks 10 | . . . . . 4 6 . . . . . Impact 10 | . . . . . 4 6 . . . . . Slashing . | . . . . . . . . . . . . Piercing . | . . . . . . . . . . . . Sneak Attacks . | . . . . . . . . . . . . Combat Hostiles . | . . . . . . . . . . . . Follow-up Attacks . | . . . . . . . . . . . . Damage Inflicted 7356 | 62 230 29 912 903 1640 2439 739 394 . 8 . Guns 6209 | 57 218 26 911 840 1488 1565 725 379 . . . Cannons . | . . . . . . . . . . . . Explosions 976 | . . . . 40 145 791 . . . . . Melee 83 | . . . . . . 83 . . . . . Ramming 88 | 5 12 3 1 23 7 . 14 15 . 8 . Kinetic 6209 | 57 218 26 911 840 1488 1565 725 379 . . . Thermal . | . . . . . . . . . . . . Explosive 976 | . . . . 40 145 791 . . . . . Electromagnetic . | . . . . . . . . . . . . Impact 83 | . . . . . . 83 . . . . . Slashing . | . . . . . . . . . . . . Piercing . | . . . . . . . . . . . . Highest Corruption 15 | . . . . 1 6 12 15 4 . 2 . Average Corruption 8 | . . . . 1 6 11 13 3 . 1 . Corruption Purged . | . . . . . . . . . . . . Corruption Blocked . | . . . . . . . . . . . . Effects 117 | . . . . 2 36 52 27 . . . . Message Errors 28 | . . . . . 7 14 7 . . . . Matter Fused 27 | . . . . . 5 15 7 . . . . Heat Flow Errors 13 | . . . . 2 4 4 3 . . . . Energy Discharges 16 | . . . . . 10 5 1 . . . . Parts Rejected 1 | . . . . . 1 . . . . . . Parts Fused 5 | . . . . . 3 1 1 . . . . Data Loss (minor) 8 | . . . . . 1 4 3 . . . . Data Loss (major) 2 | . . . . . . . 2 . . . . Misfires 6 | . . . . . 2 2 2 . . . . Misdirections 1 | . . . . . . 1 . . . . . Weapon Failures 10 | . . . . . 3 6 1 . . . . Overload Shots . | . . . . . . . . . . . . Overflow Damage 39 | . . . . . . 39 . . . . . Projectiles . | . . . . . . . . . . . . Explosions . | . . . . . . . . . . . . Melee 39 | . . . . . . 39 . . . . . Knockbacks 2 | . 1 . . . . 1 . . . . . Impact 2 | . 1 . . . . 1 . . . . . Kinetic . | . . . . . . . . . . . . Secondary . | . . . . . . . . . . . . Self-Inflicted Damage 249 | . . . . 91 . 158 . . . . . Shots 5 | . . . . 3 . 2 . . . . . Rammed 13 | . . 3 1 3 2 . 1 2 . 1 . Targets Rammed 19 | 2 3 3 1 3 3 . 1 2 . 1 . Kicked 6 | 2 3 . . . 1 . . . . . . Crushed . | . . . . . . . . . . . . Highest Temperature 268 | . 36 . 29 263 255 268 236 2 . . . Average Temperature 65 | . 14 . 5 109 69 99 119 1 . . . Received Heat Transfer 2233 | . 99 . 249 75 414 1107 81 91 . . 117 Effects 1 | . . . . . . 1 . . . . . Energy Bleed 1 | . . . . . . 1 . . . . . Siege Activations . | . . . . . . . . . . . . Robots Corrupted 1 | . . . . . . 1 . . . . . Combat Hostiles . | . . . . . . . . . . . . Parts Fried . | . . . . . . . . . . . . Impact Corruptions 2 | . . . . . . 2 . . . . . Robots Melted . | . . . . . . . . . . . . Combat Hostiles . | . . . . . . . . . . . . Parts Melted . | . . . . . . . . . . . . Heat Transferred . | . . . . . . . . . . . . Parts Sabotaged . | . . . . . . . . . . . . Parts Stolen . | . . . . . . . . . . . . Parts Stripped . | . . . . . . . . . . . . Power Chain Reactions . | . . . . . . . . . . . . Alert | -11 -10 -10 -9 -9 -8 -8 -8 -7 -6 -6 -5 ------- Run | Yrd Mat Min Mat Min Mat Gar Mat Fac Fac DSF Fac Peak Influence 912 | 5 128 99 283 178 326 912 444 319 65 45 15 Initial 444 | . 3 49 . . 24 92 444 184 60 45 . Average 180 | 1 52 60 105 63 108 474 309 231 60 13 . Maximum Alert Level 3 | . . . 1 . 1 3 2 1 . . . Low Security (%) 68 | 100 100 100 89 100 82 17 16 42 100 100 100 Level 1 19 | . . . 10 . 17 22 68 57 . . . Level 2 8 | . . . . . . 40 15 . . . . Level 3 3 | . . . . . . 19 . . . . . Level 4 . | . . . . . . . . . . . . Level 5 . | . . . . . . . . . . . . High Security . | . . . . . . . . . . . . Max Security . | . . . . . . . . . . . . Squads Dispatched 7 | . . . 1 . 2 . . 2 . 1 1 Investigation . | . . . . . . . . . . . . Extermination 1 | . . . . . . . . 1 . . . Reinforcement 4 | . . . 1 . 1 . . . . 1 1 Assault . | . . . . . . . . . . . . Garrison 2 | . . . . . 1 . . 1 . . . Intercept . | . . . . . . . . . . . . Searches Triggered . | . . . . . . . . . . . . Construction Impeded . | . . . . . . . . . . . . Haulers Reinforced . | . . . . . . . . . . . . Active Scanning Responses . | . . . . . . . . . . . . Cargo Convoy Interrupts . | . . . . . . . . . . . . Stealth | -11 -10 -10 -9 -9 -8 -8 -8 -7 -6 -6 -5 --------- Run | Yrd Mat Min Mat Min Mat Gar Mat Fac Fac DSF Fac Distress Signals 11 | . . . 4 . 3 1 2 . . . 1 Communications Jammed . | . . . . . . . . . . . . Distress Signals . | . . . . . . . . . . . . Times Spotted 146 | . 8 1 23 19 31 28 16 11 . 4 5 Peak Tracking Total 10 | . 3 1 5 6 4 10 9 5 . 5 4 Tactical Retreats 12 | . 1 . 1 . 1 3 2 2 . 2 . Traps | -11 -10 -10 -9 -9 -8 -8 -8 -7 -6 -6 -5 ------- Run | Yrd Mat Min Mat Min Mat Gar Mat Fac Fac DSF Fac Traps Triggered 7 | . . . 1 . . 3 2 . . 1 . Indirectly . | . . . . . . . . . . . . Trap Hack Attempts . | . . . . . . . . . . . . Triggered . | . . . . . . . . . . . . Disarmed . | . . . . . . . . . . . . Reprogrammed . | . . . . . . . . . . . . Reused . | . . . . . . . . . . . . Traps Extracted . | . . . . . . . . . . . . Installed . | . . . . . . . . . . . . Triggered . | . . . . . . . . . . . . Machines | -11 -10 -10 -9 -9 -8 -8 -8 -7 -6 -6 -5 ---------- Run | Yrd Mat Min Mat Min Mat Gar Mat Fac Fac DSF Fac Machines Disabled 4 | . . . . . . 3 1 . . . . Max in Single Turn 2 | . . . . . . 2 1 . . . . Garrison Relay 1 | . . . . . . 1 . . . . . Phase Generator 1 | . . . . . . 1 . . . . . Machines Repaired . | . . . . . . . . . . . . Machines Dismantled . | . . . . . . . . . . . . Machines Sabotaged . | . . . . . . . . . . . . Overloaded Fab Kills . | . . . . . . . . . . . . Hacking | -11 -10 -10 -9 -9 -8 -8 -8 -7 -6 -6 -5 --------- Run | Yrd Mat Min Mat Min Mat Gar Mat Fac Fac DSF Fac Machines Accessed 24 | . . . 3 1 10 1 6 1 1 . 1 Terminals 22 | . . . 3 . 9 1 6 1 1 . 1 Fabricators . | . . . . . . . . . . . . Repair Stations . | . . . . . . . . . . . . Recycling Units . | . . . . . . . . . . . . Scanalyzers . | . . . . . . . . . . . . Garrison Access 1 | . . . . . 1 . . . . . . Total Hacks 62 | . . . 8 1 28 2 20 1 1 . 1 Successful 32 | . . . 7 1 13 1 9 . 1 . . Failed 30 | . . . 1 . 15 1 11 1 . . 1 Catastrophic 6 | . . . 1 . 2 . 2 1 . . . Database Lockouts . | . . . . . . . . . . . . Manual 44 | . . . 7 . 18 . 17 1 . . 1 Terminals 60 | . . . 8 . 27 2 20 1 1 . 1 Fabricators . | . . . . . . . . . . . . Repair Stations . | . . . . . . . . . . . . Recycling Units . | . . . . . . . . . . . . Scanalyzers . | . . . . . . . . . . . . Garrison Access 1 | . . . . . 1 . . . . . . Terminal Hacks 23 | . . . 5 1 9 1 6 . 1 . . Robot Analysis 6 | . . . 2 . 4 . . . . . . Open Door 1 | . . . . 1 . . . . . . . Open DSF 1 | . . . . . . . . . 1 . . Level Access Points 1 | . . . 1 . . . . . . . . Branch Access Points 2 | . . . . . 1 . 1 . . . . Emergency Access Points 2 | . . . . . . 1 1 . . . . Terminal Index 1 | . . . . . . . 1 . . . . Alert Level 5 | . . . 1 . 3 . 1 . . . . Unreport Threat 4 | . . . 1 . 1 . 2 . . . . Fabricator Hacks . | . . . . . . . . . . . . Repair Station Hacks . | . . . . . . . . . . . . Recycling Unit Hacks . | . . . . . . . . . . . . Scanalyzer . | . . . . . . . . . . . . Garrison Access Hacks 1 | . . . . . 1 . . . . . . Unlock Access 1 | . . . . . 1 . . . . . . Unauthorized Hacks 8 | . . . 2 . 3 . 3 . . . . Terminals 8 | . . . 2 . 3 . 3 . . . . Assimilate 1 | . . . . . 1 . . . . . . Botnet 6 | . . . 2 . 2 . 2 . . . . Operators 1 | . . . . . . . 1 . . . . Fabricators . | . . . . . . . . . . . . Repair Stations . | . . . . . . . . . . . . Recycling Units . | . . . . . . . . . . . . Scanalyzers . | . . . . . . . . . . . . Garrison Access . | . . . . . . . . . . . . Data Cores Recovered . | . . . . . . . . . . . . Used . | . . . . . . . . . . . . Hacking Detections 20 | . . . 3 . 9 1 5 1 . . 1 Full Trace Events 1 | . . . . . 1 . . . . . . Feedback Events . | . . . . . . . . . . . . Feedback Blocked . | . . . . . . . . . . . . Robot Schematics Acquired . | . . . . . . . . . . . . Robots Built . | . . . . . . . . . . . . Authchips . | . . . . . . . . . . . . Time . | . . . . . . . . . . . . Total Robot Build Rating . | . . . . . . . . . . . . Part Schematics Acquired . | . . . . . . . . . . . . Parts Built . | . . . . . . . . . . . . Authchips . | . . . . . . . . . . . . Time . | . . . . . . . . . . . . Total Part Build Rating . | . . . . . . . . . . . . Parts Repaired . | . . . . . . . . . . . . Time . | . . . . . . . . . . . . Parts Recycled . | . . . . . . . . . . . . Recycled Matter . | . . . . . . . . . . . . Retrieved Matter . | . . . . . . . . . . . . Retrieved Components . | . . . . . . . . . . . . Parts Scanalyzed . | . . . . . . . . . . . . Part Schematics Acquired . | . . . . . . . . . . . . Parts Damaged . | . . . . . . . . . . . . Bothacking | -11 -10 -10 -9 -9 -8 -8 -8 -7 -6 -6 -5 ------------ Run | Yrd Mat Min Mat Min Mat Gar Mat Fac Fac DSF Fac Used RIF Installer . | . . . . . . . . . . . . Robots Hacked . | . . . . . . . . . . . . Non-combat . | . . . . . . . . . . . . Combat . | . . . . . . . . . . . . Robot Hacks Applied . | . . . . . . . . . . . . Relay Couplers Released 3 | . . . . . . 3 . . . . . Machine Destruction 3 | . . . . . . 3 . . . . . Fabnet Peak Effective % . | . . . . . . . . . . . . Robots Rewired 3 | . . . . . . 3 . . . . . Allies Hacked . | . . . . . . . . . . . . Hacks Repelled . | . . . . . . . . . . . . Allies | -11 -10 -10 -9 -9 -8 -8 -8 -7 -6 -6 -5 -------- Run | Yrd Mat Min Mat Min Mat Gar Mat Fac Fac DSF Fac Total Allies 6 | . . . . 3 . 3 . . . . . Largest Group 3 | . . . . 3 2 2 1 . . . . Highest-Rated Group 73 | . . . . 73 42 51 9 . . . . Highest-Rated Ally 31 | . . . . 31 31 31 9 . . . . Total Orders . | . . . . . . . . . . . . Ally Attacks 35 | . . . . 9 21 5 . . . . . Total Damage 546 | . . . . 147 311 88 . . . . . Kills 7 | . . . . 2 4 1 . . . . . Allies Corrupted . | . . . . . . . . . . . . Allies Melted . | . . . . . . . . . . . . Intel | -11 -10 -10 -9 -9 -8 -8 -8 -7 -6 -6 -5 ------- Run | Yrd Mat Min Mat Min Mat Gar Mat Fac Fac DSF Fac Robot Analysis Total 6 | . . . 2 . 4 . . . . . . Derelict Logs Recovered 3 | . . 2 . 1 . . . . . . . Drone Launches . | . . . . . . . . . . . . Drone Recoveries . | . . . . . . . . . . . . Exploration | -11 -10 -10 -9 -9 -8 -8 -8 -7 -6 -6 -5 ------------- Run | Yrd Mat Min Mat Min Mat Gar Mat Fac Fac DSF Fac Turns Passed 6885 | 92 229 568 810 945 1456 1211 679 442 31 176 246 Spaces Moved 3630 | 51 128 342 372 482 841 586 354 240 20 93 121 Core 8 | 7 . . . . . . . . . 1 . Treads 3019 | . . 342 372 440 587 586 354 240 20 78 . Legs 468 | 44 128 . . 42 254 . . . . . . Wheels . | . . . . . . . . . . . . Hover . | . . . . . . . . . . . . Flight 135 | . . . . . . . . . . 14 121 Fastest Speed 50 | 50 120 160 160 120 120 155 160 160 160 114 197 Average Speed 156 | 123 124 160 160 156 145 160 160 160 160 172 198 Slowest Speed 360 | 200 190 160 240 260 190 240 160 160 160 350 360 Overloaded Moves . | . . . . . . . . . . . . Propulsion Burnouts . | . . . . . . . . . . . . Robots Hopped . | . . . . . . . . . . . . Cave-ins Triggered . | . . . . . . . . . . . . Exploration Rate (%) 48 | 3 28 82 38 92 78 71 41 9 . 87 4 Regions Visited 11 Branch Regions 2 Pre-discovered Areas 1 | . . . . 1 . . . . . . . Known Exits Taken 3 | . . . . 1 1 . . . 1 . . Unknown Exits Taken 6 | 1 1 1 1 . . . 1 1 . . . Scrap Searched 4 | . . 3 . 1 . . . . . . . Spaces Dug 3 | . . . . . 3 . . . . . . Terrain Destroyed 136 | . . . . 13 18 105 . . . . . Melee 3 | . . . . . 3 . . . . . . Projectile 1 | . . . . . . 1 . . . . . AOE 132 | . . . . 13 15 104 . . . . . Terrain Rammed . | . . . . . . . . . . . . Walls Destroyed . | . . . . . . . . . . . . Machines Disabled . | . . . . . . . . . . . . Actions | -11 -10 -10 -9 -9 -8 -8 -8 -7 -6 -6 -5 --------- Run | Yrd Mat Min Mat Min Mat Gar Mat Fac Fac DSF Fac Total 4335 | 69 163 355 497 574 987 734 430 276 19 104 127 Wait 113 | . 7 . 39 10 16 3 19 19 . . . Move 3618 | 50 127 341 371 481 840 584 353 239 19 92 121 Hop . | . . . . . . . . . . . . Pick Up 74 | 6 3 4 10 6 21 4 14 2 . 1 3 Fast Attach 26 | 6 . . 4 2 . 6 1 . . 7 . Attach 37 | 1 1 . 5 4 8 8 2 3 . 2 3 Detach 1 | . . . 1 . . . . . . . . Swap 55 | . 2 5 4 12 14 13 4 1 . . . Drop 63 | . 1 . 11 8 25 5 13 . . . . Fire 270 | 4 19 2 51 48 56 57 23 10 . . . Melee 10 | . . . . . 4 6 . . . . . Ram . | . . . . . . . . . . . . Kick 6 | 2 3 . . . 1 . . . . . . Crush 13 | . . 3 1 3 2 . 1 2 . 1 . Escape Stasis . | . . . . . . . . . . . . Rewire 49 | . . . . . . 48 . . . 1 . Trap . | . . . . . . . . . . . . Miscellaneous . | . . . . . . . . . . . . Route ------- -11/Scrapyard -10/Materials (discovered 2 exits: *Mat / [*Min]) -10/Mines -9/Materials (discovered 4 exits: *Mat x3 / *Min) -9/Mines (discovered 3 exits: *Mat x2 / [*Exi]) -8/Materials (discovered 3 exits: *Fac x2 / Gar) -8/Garrison (discovered 3 exits: *Mat x3) -8/Materials -7/Factory (discovered 3 exits: *Fac / Sto / [*Low]) -6/Factory -6/DSF -5/Factory (discovered 1 exit: [*Upp]) History --------- Turn | Location | Event 17 | -11/Scrapyard | Discovered new exit (range 16) 93 | -11/Scrapyard | Entered Materials 286 | -10/Materials | Discovered new exit (range 15) 297 | -10/Materials | Discovered new exit (range 10) 322 | -10/Materials | Entered Mines 323 | -10/Mines | Assembled infested the area 345 | -10/Mines | Build established: Mutant 517 | -10/Mines | Learned Materials stockpile data 611 | -10/Mines | Met a Derelict who couldn't figure out how to use a Trap Extractor 662 | -10/Mines | YI-UF0 nonchalantly dropped a Grenade Launcher on the ground 872 | -10/Mines | Discovered new exit (range 5) 890 | -10/Mines | Entered Materials 890 | -9/Materials | Evolved 2 slots: Propulsion x1, Utility x1 1065 | -9/Materials | Discovered new exit (range 10) 1171 | -9/Materials | Discovered new exit (range 8) 1177 | -9/Materials | Identified exit to Materials 1288 | -9/Materials | Lost 3 parts (1n1u1w) 1380 | -9/Materials | Build established: Scavenger-Mutant 1700 | -9/Materials | Entered Mines 1815 | -9/Mines | Discovered exit to Materials (range 8) 1905 | -9/Mines | Excavation squad dispatched 1905 | -9/Mines | A large section of the Mines collapsed 2077 | -9/Mines | Found the Drone Emporium 2084 | -9/Mines | Found Prototype Device 2165 | -9/Mines | Learned Materials terminal intel 2222 | -9/Mines | Escorted by a lone wolf Derelict 2242 | -9/Mines | Learned location of Storage (-7) 2566 | -9/Mines | Discovered exit to Materials (range 12) 2623 | -9/Mines | Deemed a non-threat by the Exiles lab entrance 2623 | -9/Mines | Discovered new exit (range 5) 2645 | -9/Mines | Entered Materials 2645 | -8/Materials | Accompanied by 2 allies 2645 | -8/Materials | Evolved 2 slots: Utility x2 2646 | -8/Materials | Loaded intel: 12 terminal locations 2650 | -8/Materials | Led the pair of lost Derelicts to an unsafe place 2922 | -8/Materials | Discovered new exit (range 15) 3531 | -8/Materials | Build established: Mutant 4045 | -8/Materials | Garrison activated, responded to threat 4085 | -8/Materials | Discovered new exit (range 4) 4099 | -8/Materials | Identified exit to Garrison 4101 | -8/Materials | Entered Garrison 4169 | -8/Garrison | Triggered checkpoint 4267 | -8/Garrison | Triggered checkpoint 4271 | -8/Garrison | Triggered checkpoint 4283 | -8/Garrison | System corruption reached 10% 4285 | -8/Garrison | Triggered checkpoint 4330 | -8/Garrison | Lost 3 parts (3u) 4557 | -8/Garrison | Discovered new exit (range 15) 4580 | -8/Garrison | Attempted to access garrison exit controls, blocked by remote lockdown 4589 | -8/Garrison | Core integrity fell below 50% 4636 | -8/Garrison | Lost 7 parts (3n2u2w) 4678 | -8/Garrison | Build established: Scavenger-Mutant 4793 | -8/Garrison | Triggered checkpoint 4882 | -8/Garrison | Discovered new exit (range 10) 4921 | -8/Garrison | Phase Generator disabled 5065 | -8/Garrison | Triggered checkpoint 5076 | -8/Garrison | Garrison Relay disabled 5296 | -8/Garrison | Discovered new exit (range 10) 5312 | -8/Garrison | Entered Materials 5312 | -8/Materials | Accompanied by 1 ally 5841 | -8/Materials | Core integrity fell below 20% 5983 | -8/Materials | Discovered new exit (range 5) 5991 | -8/Materials | Entered Factory 5991 | -7/Factory | Evolved 2 slots: Power x1, Utility x1 5992 | -7/Factory | Identified exit to Storage 6081 | -7/Factory | Discovered new exit (range 4) 6322 | -7/Factory | Discovered new exit (range 8) 6381 | -7/Factory | Garrison activated, responded to threat 6433 | -7/Factory | Entered another Factory area 6433 | -6/Factory | Evolved 2 slots: Utility x2 6461 | -6/Factory | Identified exit to DSF 6464 | -6/Factory | Entered DSF 6509 | -6/DSF | Additional patrols routed to DSF 6544 | -6/DSF | Discovered new exit (range 15) 6545 | -6/DSF | Lost 5 parts (1p1n2u1w) 6579 | -6/DSF | Lost 3 parts (2u1w) 6640 | -6/DSF | Entered Factory 6640 | -5/Factory | Evolved 2 slots: Propulsion x1, Weapon x1 6660 | -5/Factory | Lost 7 parts (1p5n1u) 6687 | -5/Factory | Discovered new exit (range 11) 6803 | -5/Factory | Build established: Mutant 6886 | -5/Factory | Self-destructed Last Messages --------------- 06673_ Connecting with Terminal... 06673_ Current location identified: Factory 06687_ EXIT=FOUND 06714_ Acquired Point Defense System. 06723_ Acquired Field Propulsion Drive. 06732_ Acquired Mic. Fission Core. 06777_ ALERT: Security rotation in progress. 06865_ K-01 Serf cleans the Pressure Siphon. 06875_ O-16 Technician: "IFF HANDSHAKE FAILED. SECURING TERMINAL." 06878_ O-16 Technician sends out distress signal. 06879_ O-16 Technician uses terminal to summon reinforcements. 06879_ ALERT: Hostiles spotted, dispatching reinforcements to Terminal F002. 06879_ O-16 Technician locks terminal. 06882_ Critical hit (Burn: +37). 06883_ Nuclear Pulse Thruster destroyed. Map ----- +----------------------------------------------------+ | ?????????????????????????????????????????????????? | | ?????????????????????????????????????????????????? | | ?????????????????????????????????????????????????? | | ?????????????????????????????????????????????????? | | ?????????????????????????????????????????????????? | | ?????????????????????????????????????????????????? | | #######??????????????????????????????????????????? | | #??????????????????????????????????????????? | | #??????????????????????????????????????????? | | """ #??????????????????????????????????????????? | | """ #??????????????????????????????????????????? | | """ #??????????????????????????????????????????? | | #??????????????????????????????????????????? | | ##+####??????#??????????# ???????????????????????? | | #???? #?????????? ???????????????????????? | | ### #?????????# ???????????????????????? | | < ??? ?? ???????????????????????? | | ### ## ?? ? ????/?????????????????? | | #???? ## "?" """ ""?? #?????????????????? | | ##+#######+#### """ """ Y" #?????????????????? | | # ## """ """ """ #?????????????????? | | # """"" ## #??????????????????? | | # """T"" ## """ """g""" #??????????????????? | | # "" ## """ """ """ #??????????????????? | | # ## """ """ """ #??????????????????? | | # /uk g @ #??????????????????? | | + ## #??????????????????? | | # """ """ ## #??????????????????? | | # """ """ ## +??????????????????? | | # """ """ ## ####???????????????? | | # ## #????????????? | | # + ### R #????????????? | | #######################?# """ #????????????? | | #???????????????????????# ]] """ ???????????? | | #???????????????????????# ]] """? ?????????????? | | #???????????????????????# """???????????????? | | #???????????????????????# ???????????????? | | #???????????????????????# ??????????????? | | #???????????????????????#gg"" o ?????????????? | | #????????????????????????A "T !! ?????????????? | | +???????????????????????? "" ! ????????????? | | #???????????????????????? ? #????????????? | | #???????????????????????? ?? ! ??????????????? | | #????????????????????????## ???##????????????????? | | ??????????????????????????? ?????????????????????? | | ??????????????????????????? ?????????????????????? | | ?????????????????????????????????????????????????? | | ?????????????????????????????????????????????????? | | ?????????????????????????????????????????????????? | | ?????????????????????????????????????????????????? | +----------------------------------------------------+ Best States ------------- Heat Dissipation 45 Energy Generation 27 Energy Capacity 450 Matter Stores 300 Matter Capacity 300 Sight Range 16 Robot Scan Range 15 Terrain Scan Range 16 Terrain Scan Density 10 Armor Coverage 375 Weapon Shielding 66 Evasion (%) 55 Targeting Accuracy 34 Recoil Reduction 3 Offensive Hacking 20 Authchip Count 1 Item Schematics ----------------- None Robot Schematics ------------------ None Fabricated ------------ Nothing Alien Tech Used ----------------- None Achievements -------------- None Challenges ------------ None Game ------ Seed BarrageSurveybotUnit Manual? 0 Play Time 00:42:36 Cumulative 75.3 hours Start 2025.03.07 @ 19:55:06 End 2025.03.08 @ 01:11:34 Sessions 3 Manual Loads 0 Difficulty Rogue Special Mode None Game No. 213 Rogue 211 Adventurer 2 Explorer 0 Win Type - Total 1 Types 1/0/0/0/0/0/0/0/0 Lore% 67 Gallery% 61 Achievement% 46 Wizard Run 0 Options --------- Layout 2 ASCII 0 Keyboard 0 Movement Arrows Keybinds 0 Fullscreen 2 Font 24/Smallcaps Map View 50x44 Zoom Use 0% Tactical HUD 1 Map Filters NONE Filters NONE Steam 1 RUN: 35bd850c-190f-43a4-94f1-6212e191ae6c